 Dungeon Crawl Stone Soup version 0.21.1-1-g345015f (webtiles) character file.

123 inc the Conjurer (level 5, -8/28 HPs)
             Began as a Tengu Air Elementalist on June 15, 2018.
             Mangled by an ogre
             ... wielding a +0 giant club
              (20 damage)
             ... on level 3 of the Dungeon.
             The game lasted 00:05:57 (3052 turns).

inc the Conjurer (Tengu Air Elementalist)           Turns: 3052, Time: 00:05:58

Health: -8/28      AC:  5    Str:  8    XL:     5   Next: 7%
Magic:  4/9        EV: 12    Int: 17    God:
Gold:   77         SH:  0    Dex: 14    Spells: 2/8 levels left

rFire    . . .     SeeInvis .   r - +0 flail (holy)
rCold    . . .     Gourm    .   (no shield)
rNeg     . . .     Faith    .   a - +0 robe
rPois    .         Spirit   .   (helmet restricted)
rElec    .         Reflect  .   (no cloak)
rCorr    .         Harm     .   m - +2 pair of gloves
MR       .....                  (boots unavailable)
Stlth    ++........             (no amulet)
HPRegen  0.09/turn              (no ring)
MPRegen  0.11/turn              (no ring)

@: no status effects
A: beak, talons 3, able to fly 1
a: Fly


You were on level 3 of the Dungeon.
You were not hungry.

You visited 1 branch of the dungeon, and saw 3 of its levels.

You collected 77 gold pieces.

Inventory:

Hand Weapons
 o - a +0 dagger
 r - a +0 flail of holy wrath (weapon)
 t - a +0 short sword
Armour
 a - a +0 robe (worn)
 m - a +2 pair of gloves (worn)
 n - a +0 ring mail
Scrolls
 e - 2 scrolls of enchant weapon {unknown}
 f - a scroll of remove curse {unknown}
 g - 5 scrolls of identify {unknown}
 i - 2 scrolls of teleportation {unknown}
 j - 3 scrolls of amnesia {unknown}
 l - a scroll of fog {unknown}
Potions
 d - a potion of ambrosia {unknown}
 h - a potion of brilliance {unknown}
 k - a potion of flight {unknown}
 p - a potion of curing {unknown}
 q - a potion of degeneration {unknown}
Books
 b - a book of Air

   Spells                             Type                      Level
   a - Shock                          Conjuration/Air              1
   b - Swiftness                      Charms/Air                   2
   c - Static Discharge               Conjuration/Air              3
   d - Airstrike                      Air                          4
   e - Lightning Bolt                 Conjuration/Air              5
Comestibles
 c - 7 rations


   Skills:
 - Level 2.1 Dodging
 - Level 2.0 Stealth
 + Level 2.2 Spellcasting
 - Level 5.2 Conjurations
 - Level 5.1 Air Magic


You had 2 spell levels left.
You knew the following spells:

 Your Spells              Type           Power        Failure   Level  Hunger
a - Shock                 Conj/Air       ###.         2%          1    #......
b - Swiftness             Chrm/Air       ##......     10%         2    ###....
c - Static Discharge      Conj/Air       ###.....     7%          3    ###....


Dungeon Overview and Level Annotations

Branches:
Dungeon (3/15)

Altars:
Cheibriados
Trog


Innate Abilities, Weirdness & Mutations

You have a beak for a mouth.
You have claws for feet.
You can fly.


Message History

The ogre hits you with a giant club!
Ouch! That really hurt!
Casting: Shock
Confirm with . or Enter, or press ? or * to list all spells.
Aiming: Shock
Press: ? - help, Shift-Dir - straight line, p - ogre The zap hits the ogre.
The ogre is heavily wounded.
The zap hits the ogre.
The ogre is severely wounded.
Unknown command.
Casting: Shock
Confirm with . or Enter, or press ? or * to list all spells.
Aiming: Shock
Press: ? - help, Shift-Dir - straight line The zap misses the ogre.
The zap hits the ogre.
The ogre is almost dead.
The ogre hits you with a giant club!!
Ouch! That really hurt!
You die...

#####'#........
###.#........
#.#.#[.......
######.#.#........
#......#.#.#####..
#...##.#.#.# .
#...##.#.#.#
##...##.#O#.#
#.......@.#.#
#.......###.# #.......#
#.# ##'###### #.#
#.########.#
#........#.# ..
#........#.# ...
#........#.########...
#...[....#.........#+##


You could see an ogre.

Vanquished Creatures
  An orc priest (D:3)
  4 adders
  A worm (D:2)
  A dart slug (D:1)
  2 leopard geckos (D:1)
  3 orcs
  2 giant cockroaches
  3 goblins (D:1)
  10 hobgoblins
  2 quokkas (D:2)
  4 bats
  3 frilled lizards
  6 kobolds
  9 rats
51 creatures vanquished.

Notes
Turn   | Place    | Note
-------+----------+-------------------------------------------
     0 | D:1      | inc the Tengu Air Elementalist began the quest for the Orb.
     0 | D:1      | Reached XP level 1. HP: 10/10 MP: 4/4
   143 | D:1      | Reached XP level 2. HP: 15/15 MP: 3/6
   280 | D:1      | Reached skill level 5 in Air Magic
   428 | D:1      | Learned a level 2 spell: Swiftness
   829 | D:1      | Reached XP level 3. HP: 19/19 MP: 3/7
  1132 | D:2      | Learned a level 3 spell: Static Discharge
  1656 | D:2      | Found a bloodstained altar of Trog.
  2140 | D:3      | Reached XP level 4. HP: 24/24 MP: 3/8
  2526 | D:3      | Reached skill level 5 in Conjurations
  2700 | D:3      | Gained mutation: You can fly. [Tengu growth]
  2700 | D:3      | Reached XP level 5. HP: 28/28 MP: 4/9
  2932 | D:3      | Found a snail-covered altar of Cheibriados.
  3034 | D:3      | Noticed an ogre
  3052 | D:3      | Mangled by an ogre

Skill      XL: |  1  2  3  4 |
---------------+-------------+-----
Air Magic      | 5 |  5.1
Conjurations   | 2 4 5 |  5.2
Dodging        | |  2.1
Stealth        | |  2.0
Spellcasting   | |  2.2

Action                   |  1- 3 |  4- 6 || total
-------------------------+-------+-------++-------
Melee: Unarmed           |     8 |       ||     8
       Dagger            |     5 |     4 ||     9
       Kick              |     2 |     2 ||     4
       Peck              |     1 |       ||     1
 Cast: Shock             |    75 |    29 ||   104
       Static Discharge  |     3 |     5 ||     8
  Eat: Chunk             |     5 |     4 ||     9
Armor: Robe              |     7 |     3 ||    10
Dodge: Dodged            |    22 |    11 ||    33
